[Event "ICC tourney 3162 (40 10)"]
[Site "Internet Chess Club"]
[Date "2023.04.01"]
[Round "5"]
[White "CHINNI, RISHABH:alphachesplayer"]
[Black "YUAN, SERENA:doudou2011"]
[Result "1/2-1/2"]
[ICCResult "Game drawn by mutual agreement"]
[WhiteElo "1993"]
[BlackElo "1865"]
[Opening "Sicilian: Pelikan, Chelyabinsk variation"]
[ECO "B33"]
[NIC "SI.37"]
[Time "20:00:42"]
[PlyCount "70"]
[TimeControl "2400+10"]

1. e4 c5 2. Nf3 Nc6 3. d4 cxd4 4. Nxd4 Nf6 5. Nc3 e5 6. Ndb5 d6 7. Bg5 a6 8.
Na3 b5 9. Nd5 Be7 10. Bxf6 Bxf6 11. c3 O-O 12. Nc2 Bg5 13. Be2 Ne7 14. Ncb4
Bb7 15. O-O f5 16. exf5 Rxf5 17. Bg4 Rf8 18. a4 bxa4 19. Rxa4 a5 20. Nxe7+
Qxe7 21. Nd5 Qf7 22. c4 Bxd5 23. cxd5 Kh8 24. Be6 Qb7 25. Rg4 Bh6 26. Qc2
Rab8 27. Ra4 Qxb2 28. Qxb2 Rxb2 29. Rxa5 g6 30. g3 Bd2 31. Ra6 Bb4 32. Rb6
Ba3 33. Rxb2 Bxb2 34. Kg2 Bd4 35. f3 h5 {Game drawn by mutual agreement}
1/2-1/2

[Event "ICC tourney 3162 (40 10)"]
[Site "Internet Chess Club"]
[Date "2023.04.01"]
[Round "5"]
[White "YAN, RUIYANG:jy2020"]
[Black "BHATIA, AADIT:aaditbhatia"]
[Result "1-0"]
[ICCResult "Black checkmated"]
[WhiteElo "2351"]
[BlackElo "2186"]
[Opening "Sicilian: Labourdonnais-Löwenthal (Kalashnikov) variation"]
[ECO "B32"]
[NIC "SI.32"]
[Time "20:00:59"]
[PlyCount "153"]
[TimeControl "2400+10"]

1. e4 c5 2. Nf3 Nc6 3. d4 cxd4 4. Nxd4 e5 5. Nb5 d6 6. N1c3 a6 7. Na3 Be7 8.
Nc4 Nf6 9. g3 Bg4 10. f3 Be6 11. Ne3 O-O 12. Bg2 Qd7 13. O-O Bh3 14. Ned5
Nxd5 15. Nxd5 Bd8 16. Be3 Rc8 17. Rf2 Bxg2 18. Kxg2 f5 19. Qd3 Kh8 20. Rd1
Ne7 21. c3 Ng6 22. Rfd2 b5 23. b3 f4 24. Bf2 fxg3 25. hxg3 Rf7 26. Rh1 Ba5
27. Bb6 Bxb6 28. Nxb6 Qc6 29. Nxc8 Qxc8 30. Qxd6 Qxc3 31. Qd3 Qb4 32. Rc2 h6
33. Qd5 Qe7 34. Rc8+ Kh7 35. Qd8 Qxd8 36. Rxd8 Rc7 37. Rhd1 h5 38. R8d7 Rc2+
39. R1d2 Rc1 40. Ra7 h4 41. Rdd7 Rc2+ 42. Kh3 hxg3 43. Rxg7+ Kh6 44. Rxg6+
Kxg6 45. Rxa6+ Kf7 46. Kxg3 b4 47. Kg4 Rf2 48. Kf5 Rxf3+ 49. Kxe5 Ke7 50.
Ra7+ Kd8 51. Kd4 Rf4 52. Ra4 Rf2 53. Kc5 Re2 54. Kd5 Kc7 55. e5 Rh2 56. Kc5
Re2 57. Kd5 Rh2 58. Rxb4 Rxa2 59. Rd4 Kd7 60. b4 Rb2 61. Kc5+ Kc7 62. e6 Re2
63. Rd7+ Kc8 64. Kd6 Rh2 65. Ra7 Rh6 66. b5 Rh5 67. e7 Rh6+ 68. Kc5 Rh5+ 69.
Kb4 Re5 70. Ka5 Kb8 71. Rd7 Re6 72. Rd8+ Ka7 73. e8=Q Ra6+ 74. Kb4 Ra4+ 75.
Kxa4 Kb6 76. Qc6+ Ka7 77. Ra8# {Black checkmated} 1-0

[Event "ICC tourney 3162 (40 10)"]
[Site "Internet Chess Club"]
[Date "2023.04.01"]
[Round "5"]
[White "KONA, VIDIP KUMAR:Vidipkona"]
[Black "WU, JAYDEN:SparkyNinja"]
[Result "0-1"]
[ICCResult "White checkmated"]
[WhiteElo "1874"]
[BlackElo "2014"]
[Opening "English opening"]
[ECO "A05"]
[NIC "QP.11"]
[Time "20:00:25"]
[PlyCount "130"]
[TimeControl "2400+10"]

1. Nf3 Nf6 2. c4 e6 3. b3 d5 4. Bb2 Be7 5. g3 O-O 6. Bg2 c5 7. O-O Nc6 8. d3
d4 9. e3 e5 10. e4 h6 11. Nbd2 Be6 12. Nh4 Rc8 13. Nf5 Qd7 14. Nxe7+ Qxe7
15. h3 Ne8 16. f4 f6 17. f5 Bf7 18. Bf3 Nd6 19. Ba3 b6 20. Bh5 Bxh5 21. Qxh5
Qf7 22. Qg4 a5 23. Kf2 Ra8 24. Rab1 Nb4 25. Bxb4 axb4 26. Rb2 Ra3 27. Nb1
Ra6 28. Ke1 Rfa8 29. Rff2 R8a7 30. Qe2 b5 31. Qc2 bxc4 32. dxc4 Qb7 33. Re2
Qf7 34. g4 Qd7 35. Kd2 Nxf5 36. gxf5 d3 37. Qxd3 Rd6 38. Qd5+ Rxd5+ 39. cxd5
Qb5 40. Rc2 g6 41. Rg2 Rg7 42. Rxg6 Rxg6 43. fxg6 Qf1 44. Rc1 Qg2+ 45. Kd1
Qxe4 46. Nd2 Qxd5 47. Rc4 f5 48. h4 e4 49. Ke1 h5 50. Ke2 Qd3+ 51. Ke1 Qd5
52. Ke2 Kg7 53. Rc1 Kxg6 54. Rg1+ Kf6 55. Rg5 Qd3+ 56. Ke1 f4 57. Rg2 e3 58.
Nf3 Qb1+ 59. Ke2 Qc2+ 60. Kf1 Qd1+ 61. Ne1 f3 62. Rg3 Qe2+ 63. Kg1 f2+ 64.
Kh2 fxe1=Q+ 65. Kh3 Qh1# {White checkmated} 0-1

[Event "ICC tourney 3162 (40 10)"]
[Site "Internet Chess Club"]
[Date "2023.04.01"]
[Round "5"]
[White "Guo, Anni:movingkid"]
[Black "GHOSH, YOHAN:luckylion"]
[Result "0-1"]
[ICCResult "White resigns"]
[WhiteElo "1727"]
[BlackElo "1834"]
[Opening "Sicilian: accelerated fianchetto, modern variation"]
[ECO "B34"]
[NIC "SI.33"]
[Time "20:01:17"]
[PlyCount "54"]
[TimeControl "2400+10"]

1. e4 c5 2. Nf3 Nc6 3. d4 cxd4 4. Nxd4 g6 5. Nc3 Bg7 6. Be3 Nf6 7. f3 O-O 8.
Qd2 d5 9. exd5 Nxd5 10. Nxc6 bxc6 11. Nxd5 cxd5 12. Bd4 e5 13. Bc5 Re8 14.
O-O-O Bb7 15. Bb5 Re6 16. Bc4 Qc7 17. Bxd5 Rd8 18. Qb4 Bh6+ 19. Kb1 Rxd5 20.
Rxd5 Bxd5 21. Rd1 a5 22. Qb5 Bc6 23. Qd3 Re8 24. b3 e4 25. fxe4 Bxe4 26. Qb5
Rc8 27. Rd4 Bxc2+ {White resigns} 0-1

[Event "ICC tourney 3162 (40 10)"]
[Site "Internet Chess Club"]
[Date "2023.04.01"]
[Round "5"]
[White "MARKOVIC, GORAN:Goran21"]
[Black "BERKLEY, DARRIN K:drberkley"]
[Result "1-0"]
[ICCResult "Black forfeits on time"]
[WhiteElo "2075"]
[BlackElo "1890"]
[Opening "Pirc: Holmov system"]
[ECO "B07"]
[NIC "PU.07"]
[Time "20:00:44"]
[PlyCount "113"]
[TimeControl "2400+10"]

1. e4 d6 2. d4 Nf6 3. Nc3 g6 4. Bc4 Bg7 5. Qe2 Nc6 6. Bb5 O-O 7. Bxc6 bxc6
8. h3 a5 9. Bg5 Ba6 10. Qd2 Rb8 11. O-O-O Nd7 12. Bh6 Nb6 13. Bxg7 Kxg7 14.
Qf4 Qc8 15. h4 h5 16. f3 Nc4 17. b3 e5 18. dxe5 Nxe5 19. g4 hxg4 20. h5 Rh8
21. h6+ Kh7 22. Qf6 Qf8 23. f4 Nd7 24. Qh4 Nc5 25. Qxg4 Qe7 26. Nf3 f6 27.
Rdg1 Rhg8 28. f5 g5 29. Qh5 Rbf8 30. Nh4 Qe8 31. Ng6 Rf7 32. e5 dxe5 33. Nd1
Qd7 34. Rg4 Be2 35. Ne3 Bxg4 36. Nxg4 Qxf5 37. Nh4 Qf4+ 38. Kb1 Rd7 39. Ng2
Qf5 40. N2e3 Qg6 41. Qh3 Rgd8 42. Rf1 Ne4 43. Rf5 Rd2 44. Kb2 R8d6 45. Qf3
R2d4 46. a4 Nd2 47. Qe2 Rf4 48. Rxf6 Rfxf6 49. Nxf6+ Qxf6 50. Ng4 Qf4 51.
Nxe5 Re6 52. Qd3+ Kxh6 53. Qh3+ Kg7 54. Qxe6 Qd4+ 55. Ka2 Qd6 56. Qf7+ Kh8
57. Ng6+ {Black forfeits on time} 1-0

[Event "ICC tourney 3162 (40 10)"]
[Site "Internet Chess Club"]
[Date "2023.04.01"]
[Round "5"]
[White "QI, JENNY:eevee11"]
[Black "OPASKA, MICHAEL:mopaska1106"]
[Result "1-0"]
[ICCResult "Black resigns"]
[WhiteElo "1817"]
[BlackElo "1909"]
[Opening "Caro-Kann: Tartakower (Nimzovich) variation"]
[ECO "B15"]
[NIC "CK.06"]
[Time "20:00:23"]
[PlyCount "65"]
[TimeControl "2400+10"]

1. e4 c6 2. d4 d5 3. Nc3 dxe4 4. Nxe4 Nf6 5. Nxf6+ exf6 6. c3 Bd6 7. Bd3 O-O
8. Qc2 Re8+ 9. Ne2 h5 10. Be3 Be6 11. O-O Nd7 12. Nf4 Qc7 13. Nxe6 Rxe6 14.
h3 Nf8 15. Rae1 Rae8 16. Qd2 R6e7 17. c4 c5 18. d5 Nd7 19. a3 a6 20. b4 b6
21. Rc1 Ne5 22. Be2 h4 23. Rfe1 Ng6 24. Bd3 Nf4 25. Rb1 Nxd3 26. Qxd3 cxb4
27. axb4 Re4 28. Rec1 Qe7 29. c5 bxc5 30. bxc5 Bb8 31. d6 Qe5 32. Rxb8 Rxb8
33. c6 {Black resigns} 1-0

[Event "ICC tourney 3162 (40 10)"]
[Site "Internet Chess Club"]
[Date "2023.04.01"]
[Round "5"]
[White "WILLY, STEPHEN:stephenwilly"]
[Black "HO, COOPER:arsenicblast"]
[Result "1-0"]
[ICCResult "Black resigns"]
[WhiteElo "2143"]
[BlackElo "2194"]
[Opening "Sicilian: Alapin's variation (2.c3)"]
[ECO "B22"]
[NIC "SI.47"]
[Time "20:00:28"]
[PlyCount "55"]
[TimeControl "2400+10"]

1. e4 c5 2. c3 Nf6 3. e5 Nd5 4. d4 cxd4 5. Nf3 d6 6. Bc4 Nb6 7. Bb3 Nc6 8.
exd6 Qxd6 9. O-O dxc3 10. Qxd6 exd6 11. Nxc3 Be7 12. Be3 Be6 13. Bxb6 axb6
14. Nd5 Bxd5 15. Bxd5 O-O 16. Rac1 Rfc8 17. Nd2 Ra5 18. Nc4 Rb5 19. Rfd1 Rc7
20. Ne3 Rc5 21. Bb3 Nd4 22. Rc4 Rxc4 23. Bxc4 Bf6 24. Bf1 Rc5 25. b4 Rc6 26.
Nd5 Nf5 27. Bb5 Rc2 28. Bd3 {Black resigns} 1-0

[Event "ICC tourney 3162 (40 10)"]
[Site "Internet Chess Club"]
[Date "2023.04.01"]
[Round "5"]
[White "Cao, Frank Zhongtian:FrankCao"]
[Black "KOEHL, EVAN:MacAndSneeze"]
[Result "1/2-1/2"]
[ICCResult "Game drawn because neither player has mating material"]
[WhiteElo "1738"]
[BlackElo "2076"]
[Opening "Caro-Kann: exchange variation"]
[ECO "B13"]
[NIC "CK.02"]
[Time "20:00:22"]
[PlyCount "120"]
[TimeControl "2400+10"]

1. e4 c6 2. d4 d5 3. exd5 cxd5 4. Bd3 Nf6 5. h3 Nc6 6. c3 e6 7. Bf4 Bd6 8.
Bxd6 Qxd6 9. Nf3 O-O 10. O-O Rb8 11. a4 Bd7 12. Re1 Qc7 13. Nbd2 a6 14. Qe2
Ne7 15. Ne5 b5 16. Nxd7 Qxd7 17. axb5 axb5 18. Ra5 b4 19. Rb1 bxc3 20. bxc3
Rxb1+ 21. Nxb1 Rb8 22. Rb5 Qa7 23. Qb2 Rxb5 24. Qxb5 Ng6 25. Qb2 Qc7 26.
Bxg6 hxg6 27. Nd2 Qf4 28. c4 dxc4 29. Nxc4 Nd5 30. Qd2 Qe4 31. Ne3 Nf4 32.
f3 Qb1+ 33. Kh2 Qb8 34. Kg1 Qd6 35. Nc4 Qxd4+ 36. Qxd4 Ne2+ 37. Kf2 Nxd4 38.
Nd2 Kf8 39. g4 Ke7 40. Ke3 Nc6 41. Nc4 Kf6 42. Nd6 Nd8 43. f4 Ke7 44. Nc4
Nc6 45. Kf3 Nd8 46. Ne3 Kd6 47. f5 gxf5 48. gxf5 e5 49. Ke4 f6 50. Nc4+ Kc5
51. Nxe5 fxe5 52. Kxe5 Kc6 53. f6 g6 54. f7 Nxf7+ 55. Kf6 Nh8 56. Kg7 Kd6
57. Kxh8 Ke6 58. Kg7 Kf5 59. h4 g5 60. hxg5 Kxg5
{Game drawn because neither player has mating material}
1/2-1/2